 Dungeon Crawl Stone Soup version 0.30-a0-297-g0ec75d9ef4 (webtiles) character file.

Game seed: 1178032957847684898

62 koil the Sneak (level 3, 0/17 HPs)
             Began as a Spriggan Enchanter on Oct 19, 2022.
             Killed from afar by an orc wizard (7 damage)
             ... with a puff of flame
             ... on level 3 of the Dungeon.
             The game lasted 00:04:42 (1723 turns).

koil the Sneak (Spriggan Enchanter)                 Turns: 1723, Time: 00:04:43

Health: 0/17       AC:  2    Str:  4    XL:     3   Next: 85%
Magic:  8/8        EV: 18    Int: 16    God:
Gold:   180        SH:  0    Dex: 17    Spells: 2/8 levels left

rFire   . . .      SeeInvis +    a - +1 dagger
rCold   . . .      Faith    .    (no shield)
rNeg    . . .      Spirit   .    b - +0 robe
rPois   .          Reflect  .    (helmet restricted)
rElec   .          Harm     .    (no cloak)
rCorr   .          Rampage  .    (gloves unavailable)
Will    .....                    (boots unavailable)
Stlth   +++.......               (no amulet)
HPRegen 0.22/turn                (no ring)
MPRegen 0.11/turn                (no ring)

@: very quick
A: very small, no large weapons, unfitting armour, see invisible, speed 3
a: no special abilities


You were on level 3 of the Dungeon.
You visited 1 branch of the dungeon, and saw 3 of its levels.

You collected 180 gold pieces.

Inventory:

Hand Weapons
 a - a +1 dagger (weapon)
Missiles
 g - 11 poisoned darts (quivered)
Armour
 b - a +0 robe (worn)
 q - an orb of light
Scrolls
 e - 2 scrolls of summoning {unknown}
 f - 3 scrolls of identify {unknown}
 i - a scroll of fear {unknown}
 j - a scroll of amnesia {unknown}
 k - a scroll of immolation {unknown}
 n - a scroll of brand weapon {unknown}
 p - a scroll of enchant armour {unknown}
Potions
 c - 2 potions of invisibility
 d - 6 potions of curing {unknown}
 h - 2 potions of attraction {unknown}
 l - a potion of heal wounds {unknown}
 m - 3 potions of lignification {unknown}
 o - a potion of might {unknown}


   Skills:
 + Level 0.8 Fighting
 + Level 2.0 Short Blades
 + Level 3.3 Dodging
 + Level 5.1 Stealth
 + Level 3.2 Spellcasting
 + Level 4.0 Hexes


You had 2 spell levels left.
You knew the following spells:

 Your Spells              Type           Power      Damage    Failure   Level
a - Ensorcelled Hibernat  Hex/Ice        18%        N/A       12%         2
b - Confusing Touch       Hex            15%        N/A       11%         3
c - Slow                  Hex            60%        N/A       3%          1

Your spell library contained the following spells:

 Spells                   Type           Power      Damage    Failure   Level
 Apportation              Tloc           4%         N/A       19%         1
 Tukima's Dance           Hex            15%        N/A       11%         3
 Dazzling Flash           Conj/Hex       18%        N/A       24%         3
 Vampiric Draining        Necr           2%         2d6       50%         3
 Alistair's Intoxication  Tmut/Pois      1%         N/A       99%         5


Dungeon Overview and Level Annotations

Branches:
Dungeon (3/15)

Altars:


Innate Abilities, Weirdness & Mutations

You are very small and have problems with some larger weapons.
You are too small for most types of armour.
You have supernaturally acute eyesight. (SInv)
You cover ground extremely quickly. (Speed+++)


Message History

You see here an orb of light.
q - an orb of light
Okay, then.
You start putting on your armour.
You continue putting on your orb of light. x4
You finish putting on your orb of light.
You're already wearing that object!
You start removing your armour.
You continue taking off your orb of light. x4
You finish taking off your orb of light.
Found a stone staircase leading down.
There is a stone staircase leading down here.
An orc comes into view. It is wielding a +0 flail.
You see here an amulet of faith.
An orc comes into view. It is wielding a +0 dagger.
There is an open door here.
An orc wizard comes into view. It is wielding a +0 dagger.
An orc comes into view.
It is wielding a +0 flail and quivering silver boomerangs.
The orc shouts! x2; The orc wizard shouts!
The orc shouts!
You hit the orc but do no damage. The orc hits you with a +0 flail!
Ouch! That really hurt!
You are too injured to fight recklessly!
You are too injured to fight recklessly!
The orc throws a silver boomerang.
The silver boomerang misses you.
There is an open door here.
The orc wizard gestures at you while chanting.
You resist with some effort.
You see here an amulet of faith.
Throw: 13 darts (poison)
Press: ? - help, Q - select action, (/) - cycle Shift-Dir - straight line, f - orc
Aim: an orc, wielding a +0 flail and wearing a +0 leather armour (59% to hit)
You throw a poisoned dart.
The poisoned dart barely misses the orc.
Throw: 12 darts (poison)
Press: ? - help, Q - select action, (/) - cycle Shift-Dir - straight line, f/p - orc
Aim: an orc, wielding a +0 flail and wearing a +0 leather armour (59% to hit)
You throw a poisoned dart. The poisoned dart hits the orc.
The orc is poisoned.
The orc wizard points at you and mumbles some strange words.
The puff of flame hits you!
You die...

####### #.....# #.....#
###### #.....# ....
##....o########.#######
..o.oo...'(@.....>.......
...#.....##o..###.#######
.. #.....#..### #.# .
#.....#.## #.# #####...
#.# ..## #.# #### #.# #.#
#.#


You could see an orc wizard and 3 orcs.

Vanquished Creatures
  2 adders (D:3)
  2 dart slugs (D:1)
  3 endoplasms (D:1)
  2 giant cockroaches
  7 goblins
  3 hobgoblins
  A kobold (D:2)
  4 quokkas
  6 ball pythons
  2 bats
  5 rats
37 creatures vanquished.

Notes
Turn   | Place    | Note
-------+----------+-------------------------------------------
     0 | D:1      | koil the Spriggan Enchanter began the quest for the Orb.
     0 | D:1      | Reached XP level 1. HP: 9/9 MP: 5/5
   161 | D:1      | Reached XP level 2. HP: 13/13 MP: 6/6
   164 | D:1      | Learned a level 2 spell: Ensorcelled Hibernation
   876 | D:2      | Reached XP level 3. HP: 17/17 MP: 8/8
   880 | D:2      | Learned a level 3 spell: Confusing Touch
   882 | D:2      | Learned a level 1 spell: Slow
  1289 | D:3      | Reached skill level 5 in Stealth
  1723 | D:3      | Killed from afar by an orc wizard

Illustrated notes

Levels and vault maps discovered:
D:1:      scummos_arrival_forest, layout_loops_ring
D:2:      layout_loops_cross
D:3:      wad_river_or_something, layout_basic, uniq_jessica

Skill      XL: |  1  2  3 |
---------------+----------+-----
Spellcasting   | 3 |  3.2
Dodging        | 3 |  3.3
Stealth        | 5 |  5.1
Hexes          | 4 |  4.0
Short Blades   | 2 |  2.0
Fighting       | |  0.8

Action                   || total
-------------------------++-------
Melee: Dagger            ||   111
       Punch             ||     1
Throw: Dart              ||    15
 Stab: Sleeping          ||    10
Armor: Robe              ||     7
Dodge: Dodged            ||    70

Table legend: (Time is in decaauts)
 A = Elapsed time spent in this place.
 B = Non-inter-level travel time spent in this place.
 C = Inter-level travel time spent in this place.
 D = Time resting spent in this place.
 E = Time spent auto-exploring this place.
 F = Levels seen in this place.
 G = Mean time per level.
                   A        B        C        D        E       F      G
               +--------+--------+--------+--------+--------+-----+--------+
         Total |   1142 |   1109 |     33 |      0 |    826 |   3 |  380.7 |
       Dungeon |   1142 |   1109 |     33 |      0 |    826 |   3 |  380.7 |
               +--------+--------+--------+--------+--------+-----+--------+

Top non-repeatable levels by time:
     D:1: 419 daAuts
     D:2: 408 daAuts
     D:3: 314 daAuts
